 Dungeon Sprint DCSS version 0.19-a0-1932-g59670f6 (webtiles) character file.

24444 poirepourri the Ninja (level 12, -4/58 HPs)
             Began as a Spriggan Enchanter on Oct 25, 2016.
             Was the Champion of Dithmenos.
             Killed from afar by a crystal guardian (31 damage)
             ... with a crystal bolt
             ... in the Dungeon (Sprint III: "The Ten Rune Challenge").
             The game lasted 00:16:23 (3770 turns).

poirepourri the Ninja (Spriggan Enchanter)          Turns: 3770, Time: 00:16:24

Health: -4/58      AC:  4    Str:  4    XL:     12   Next: 80%
Magic:  1/34       EV: 29    Int: 17    God:    Dithmenos [******]
Gold:   1719       SH:  0    Dex: 21    Spells: 5 memorised, 33 levels left

rFire  . . .     SeeInvis +     h - +1 rapier (speed)
rCold  . . .     Gourm    .     b - +1 robe
rNeg   . . .     Faith    .     (shield restricted)
rPois  .         Spirit   .     (helmet restricted)
rElec  .         Reflect  .     i - +0 cloak
rCorr  .         Harm     .     (gloves unavailable)
MR     ++...     NoTele   +     (boots unavailable)
Stlth  ++++++++++               (no amulet)
                                (no ring)
                                (no ring)

@: very slightly contaminated, wreathed by umbra, very quick
A: unfitting armour, see invisible, herbivore 3, speed 3, slow metabolism 2
a: Shadow Step, Shadow Form, Renounce Religion


You were in the Dungeon.
You worshipped Dithmenos.
Dithmenos was exalted by your worship.
You were full.

You visited 1 branch You collected 1719 gold pieces.

Inventory:

Hand Weapons
 h - a +1 rapier of speed (weapon)
Armour
 b - a +1 robe (worn)
 i - a +0 cloak (worn)
Wands
 l - a wand of digging (3/24)
Scrolls
 n - 2 scrolls of remove curse
Potions
 f - 2 potions of heal wounds
 g - a potion of haste
 k - 2 potions of mutation
 m - a potion of berserk rage
 p - 4 potions of cure mutation
 q - 3 potions of flight
 s - a potion of might
Books
 c - a book of Maledictions

   Spells                             Type                      Level
   a - Corona                         Hexes                        1
   b - Ensorcelled Hibernation        Hexes/Ice                    2
   c - Confuse                        Hexes                        3
   d - Tukima's Dance                 Hexes                        3
   e - Dazzling Spray                 Conjuration/Hexes            3
 t - a book of Transfigurations

   Spells                             Type                      Level
   a - Irradiate                      Conjuration/Transmutation    5
   b - Statue Form                    Transmutation/Earth          6
   c - Hydra Form                     Transmutation                6
   d - Dragon Form                    Transmutation                7
Comestibles
 a - 6 fruits
 d - a bread ration
 o - 27 royal jellies


   Skills:
 + Level 3.8 Fighting
 + Level 10.3 Short Blades
 + Level 11.0 Dodging
 O Level 27 Stealth
 + Level 17.3 Spellcasting
 + Level 5.4 Conjurations
 + Level 17.4 Hexes
 + Level 7.3 Ice Magic
 + Level 2.6 Invocations
 + Level 3.1 Evocations


You had 33 spell levels left.
You knew the following spells:

 Your Spells              Type           Power        Failure   Level  Hunger
a - Corona                Hex            ######.      0%          1    None
b - Ensorcelled Hibernat  Hex/Ice        ######       1%          2    None
c - Confuse               Hex            ######..     0%          3    None
d - Tukima's Dance        Hex            ######..     0%          3    None
e - Dazzling Spray        Conj/Hex       ######       1%          3    None


Dungeon Overview and Level Annotations

Branches:
Dungeon (1/1)

Altars:
Cheibriados
Dithmenos
Elyvilon
Fedhas
Gozag
Hepliaklqana
Kikubaaqudgha
Makhleb
Nemelex Xobeh
Okawaru
Qazlal
Ru
Sif Muna
Trog
Uskayaw
Vehumet
Xom
Yredelemnul
Zin
The Shining One
Beogh
Jiyva
Lugonu

Shops:
D [[!:

Annotations:
D exclusion: 4 statues


Innate Abilities, Weirdness & Mutations

You are very small and have problems with some larger weapons.
You are too small for most types of armour.
You have supernaturally acute eyesight. (SInv)
You are a herbivore.
You cover ground extremely quickly.
You need consume almost no food.


Message History

Press: ? - help, Dir - move target cursor, p - death yak You can't see that place. [the floor.]
Okay, then.
Unknown command.
Unknown command.
Press: ? - help, v - describe, . - travel
Here: a crystal guardian (umbra)
The floor.
Unknown command.
Blink to where?
Press: ? - help, Dir - move target cursor, p - death yak You are very lightly contaminated with residual magic.
As you read the scroll of blinking, it crumbles to dust.
As you read the scroll of holy word, it crumbles to dust.
You speak a Word of immense power!
The crystal guardian fires a crystalline bolt at you.
The crystal bolt freezes you!
Ouch! That really hurt!
You die...

'#..####..# #######
.#'###########################
.#....#)#)#)....#...(..'...≈≈#
)##[#))#.##.###.#(.....#...≈≈###
.)##.#.#.##.#))##.)(...#...≈≈≈≈#
.#)).#..#..##.)'.......#...≈≈≈≈#
▓▓▓▓▓▓▓▓▓▓▓▓▓▓▓#.o.....#.......#
≈....Y.Y.§Y§.8.#...(...#.......#
≈≈≈≈≈≈≈≈≈≈≈♣♣..'@(.....#.......#
♣♣♣♣♣♣♣♣♣♣♣♣♣..#(......#########
♣♣♣##'######## ♣♣♣♣♣♣♣♣♣♣♣♣♣
#...+.≈≈≈≈# ..##≈≈≈≈≈≈..#
#...#.≈≈≈≈# ##.#≈≈≈≈≈...#
#).)#.#§≈≈#
#.##)≈≈≈≈≈####+#####.# ≈≈≈#
#...#)≈..§§§§§§#.....# §≈§
##.)#≈(.)#######.....# §§


You could see a death yak (wandering), a crystal guardian and an orc high priest
(wandering).

Vanquished Creatures
  Sigmund (D)
  Rupert (D)
  Erolcha (D)
  2 death yaks (D)
  3 orc high priests (D)
  Urug (D)
  3 death drakes (D)
  A spriggan druid (D)
  A lindwurm (D)
  6 deep elf magi (D)
  An orange crystal statue (D)
  3 crystal guardians (D)
  2 orc sorcerers (D)
  2 spiny frogs (D)
  Edmund (D)
  A rime drake (D)
  A komodo dragon (D)
  3 wandering mushrooms (D)
  2 spriggan defenders (D)
  2 tyrant leeches (D)
  7 blink frogs (D)
  A queen bee (D)
  5 redbacks (D)
  A shadow (D)
  2 spriggans (D)
  2 hill giants (D)
  A spatial vortex (D)
  An orc warrior (D)
  A swamp drake (D)
  A necrophage (D)
  3 two-headed ogres (D)
  32 killer bees (D)
  A jelly (D)
  Crazy Yiuf (D)
  2 orc priests (D)
  A wizard (D)
  2 orc wizards (D)
  A necromancer (D)
  3 humans (D)
  A kobold demonologist (D)
  An ooze (D)
  9 orcs (D)
  3 rats (D)
  A ballistomycete spore (D)
121 creatures vanquished.

Vanquished Creatures (others)
  2 draconian scorchers (D)
  2 hydras (D)
  6 hellions (D)
  2 yaktaurs (D)
  An orc high priest (D)
  An electric eel (D)
  An orc priest (D)
  3 ball lightnings (D)
  4 ballistomycetes (D)
  4 ballistomycete spores (D)
  24 plants (D)
50 creatures vanquished.

Grand Total: 171 creatures vanquished

Notes
Turn   | Place    | Note
-------+----------+-------------------------------------------
     0 | D        | poirepourri the Spriggan Enchanter began the quest for the Orb.
     0 | D        | Reached XP level 1. HP: 9/9 MP: 5/5
     4 | D        | Reached skill level 5 in Stealth
    91 | D        | Reached skill level 6 in Stealth
    91 | D        | Reached skill level 5 in Hexes
    91 | D        | Reached XP level 2. HP: 13/13 MP: 5/7
   108 | D        | Learned a level 2 spell: Ensorcelled Hibernation
   124 | D        | Noticed Crazy Yiuf
   130 | D        | Killed Crazy Yiuf
   130 | D        | Reached skill level 8 in Stealth
   130 | D        | Reached XP level 3. HP: 16/16 MP: 5/9
   134 | D        | Killed a hellion
   149 | D        | Killed a hellion
   164 | D        | Killed a hellion
   178 | D        | Killed a hellion
   187 | D        | Killed a hellion
   202 | D        | Killed a yaktaur
   217 | D        | Killed a white draconian scorcher
   217 | D        | Killed a hellion
   242 | D        | Killed a white draconian scorcher
   287 | D        | Learned a level 3 spell: Confuse
   291 | D        | Learned a level 3 spell: Tukima's Dance
   294 | D        | Noticed a water elemental
   572 | D        | Found a radiant altar of Vehumet.
   573 | D        | Found a deep blue altar of Sif Muna.
   573 | D        | Found an ancient bone altar of Kikubaaqudgha.
   573 | D        | Noticed a wizard
   574 | D        | Killed a wizard
   574 | D        | Reached skill level 9 in Stealth
   574 | D        | Reached XP level 4. HP: 21/21 MP: 9/11
   576 | D        | Reached skill level 5 in Spellcasting
   619 | D        | Learned a level 3 spell: Dazzling Spray
   619 | D        | Found a glowing silver altar of Zin.
   619 | D        | Found a glowing golden altar of the Shining One.
   619 | D        | Found a white marble altar of Elyvilon.
   620 | D        | Noticed a deep elf mage
   625 | D        | Killed a deep elf mage
   625 | D        | Reached skill level 14 in Stealth
   625 | D        | Reached skill level 10 in Hexes
   625 | D        | Reached XP level 5. HP: 24/24 MP: 6/16
   625 | D        | Reached XP level 6. HP: 28/28 MP: 6/17
   625 | D        | Reached XP level 7. HP: 32/32 MP: 6/19
   735 | D        | Found a basalt altar of Yredelemnul.
   735 | D        | Found a shadowy altar of Dithmenos.
   735 | D        | Found a sacrificial altar of Ru.
   738 | D        | Reached skill level 15 in Stealth
   742 | D        | Became a worshipper of Dithmenos the Shadowed
   750 | D        | Found a hide-covered altar of Uskayaw.
   750 | D        | Found a roughly hewn altar of Beogh.
   750 | D        | Found an iron altar of Okawaru.
   750 | D        | Found a bloodstained altar of Trog.
   750 | D        | Noticed a human
   751 | D        | Noticed a human
   753 | D        | Killed a human
   754 | D        | Killed a human
   754 | D        | Reached skill level 16 in Stealth
   772 | D        | Noticed a shadow
   774 | D        | Killed a shadow
   774 | D        | Reached * piety under Dithmenos
   774 | D        | Reached XP level 8. HP: 36/36 MP: 21/21
   785 | D        | Found a blossoming altar of Fedhas.
   785 | D        | Found a stormy altar of Qazlal.
   785 | D        | Found a snail-covered altar of Cheibriados.
   785 | D        | Found a burning altar of Makhleb.
   785 | D        | Found a shimmering altar of Xom.
   786 | D        | Found a hazy altar of Hepliaklqana.
   786 | D        | Found an opulent altar of Gozag.
   786 | D        | Found a sparkling altar of Nemelex Xobeh.
   786 | D        | Found a corrupted altar of Lugonu.
   786 | D        | Found a viscous altar of Jiyva.
   829 | D        | Reached skill level 17 in Stealth
   832 | D        | Killed a yaktaur
   978 | D        | Reached ** piety under Dithmenos
   989 | D        | Reached skill level 18 in Stealth
   989 | D        | Reached skill level 1 in Conjurations
   993 | D        | Noticed Erolcha
   995 | D        | Killed Erolcha
   995 | D        | Reached *** piety under Dithmenos
   995 | D        | Reached skill level 1 in Fighting
   995 | D        | Reached skill level 5 in Short Blades
   995 | D        | Reached skill level 19 in Stealth
   995 | D        | Reached skill level 10 in Spellcasting
   995 | D        | Reached XP level 9. HP: 41/41 MP: 22/24
  1116 | D        | Reached skill level 20 in Stealth
  1116 | D        | Reached skill level 1 in Ice Magic
  1153 | D        | Noticed Sigmund
  1153 | D        | Noticed Edmund
  1159 | D        | Killed Edmund
  1159 | D        | Reached **** piety under Dithmenos
  1161 | D        | Killed Sigmund
  1161 | D        | Reached skill level 24 in Stealth
  1161 | D        | Reached XP level 10. HP: 34/46 MP: 20/27
  1282 | D        | Killed a six-headed hydra
  1288 | D        | Reached ***** piety under Dithmenos
  1355 | D        | Killed an eight-headed hydra
  1449 | D        | Reached ****** piety under Dithmenos
  1510 | D        | Reached XP level 11. HP: 50/50 MP: 22/28
  1575 | D        | Reached skill level 25 in Stealth
  1871 | D        | Noticed an orc sorcerer
  1872 | D        | Noticed an orc sorcerer
  1872 | D        | Noticed an orc high priest
  1872 | D        | Noticed an orc high priest
  1872 | D        | Found Umaust's Antique Armour Shop.
  1873 | D        | Noticed a soul eater
  1893 | D        | Killed an orc sorcerer
  1991 | D        | Noticed a sun demon
  2141 | D        | Killed an orc high priest
  2147 | D        | Killed an orc high priest
  2262 | D        | Noticed a deep elf mage
  2262 | D        | Noticed a deep elf mage
  2262 | D        | Noticed a deep elf mage
  2262 | D        | Noticed a deep elf mage
  2262 | D        | Noticed a deep elf mage
  2285 | D        | Killed a deep elf mage
  2285 | D        | Reached skill level 5 in Ice Magic
  2288 | D        | Killed a deep elf mage
  2297 | D        | Killed a deep elf mage
  2300 | D        | Killed a deep elf mage
  2306 | D        | Killed a deep elf mage
  2306 | D        | Reached skill level 15 in Hexes
  2307 | D        | Noticed a deep elf demonologist
  2550 | D        | Killed an orc sorcerer
  2550 | D        | Reached skill level 26 in Stealth
  2587 | D        | Noticed a sun demon
  2708 | D        | Noticed a lindwurm
  2712 | D        | Killed a lindwurm
  2720 | D        | Noticed Urug
  2722 | D        | Killed Urug
  2722 | D        | Reached skill level 10 in Dodging
  2722 | D        | Reached XP level 12. HP: 56/56 MP: 31/31
  2741 | D        | Found a blossoming altar of Fedhas.
  2771 | D        | Reached skill level 27 in Stealth
  2771 | D        | Reached skill level 15 in Spellcasting
  2779 | D        | Reached skill level 1 in Invocations
  2869 | D        | Found Ziuheluq's Antique Armour Emporium.
  2872 | D        | Found Ruadeok's Distillery.
  2873 | D        | Found Ifoat's Book Shoppe.
  3279 | D        | Reached skill level 1 in Evocations
  3282 | D        | Reached skill level 10 in Short Blades
  3627 | D        | Noticed Rupert
  3629 | D        | Killed Rupert
  3629 | D        | Reached skill level 5 in Conjurations
  3646 | D        | Noticed a death yak
  3647 | D        | Noticed a death yak
  3647 | D        | Noticed an azure jelly
  3647 | D        | Noticed a death yak
  3647 | D        | Noticed an azure jelly
  3647 | D        | Noticed a death yak
  3648 | D        | Killed a death yak
  3649 | D        | Killed a death yak
  3770 | D        | Killed from afar by a crystal guardian

Vault maps used:
D:        dungeon_sprint_mu

Skill      XL: |  1  2  3  4  5  6  7  8  9 10 11 12 |
---------------+-------------------------------------+-----
Stealth        | 6 8 9 14 16 19 24 26 27 | 27.0
Spellcasting   | 3 4 7 8 10 12 14 17 | 17.3
Hexes          | 5 6 10 11 12 13 15 17 | 17.4
Dodging        | 4 7 8 9 10 11 | 11.0
Short Blades   | 2 3 5 7 8 9 10 | 10.3
Conjurations   | 2 3 5 |  5.4
Fighting       | 1 2 3 |  3.8
Ice Magic      | 2 3 6 7 |  7.3
Invocations    | 2 |  2.6
Evocations     | 3 |  3.1

Action                   |  1- 3 |  4- 6 |  7- 9 | 10-12 || total
-------------------------+-------+-------+-------+-------++-------
Melee: Dagger            |    19 |     3 |    18 |    99 ||   139
       Rapier            |       |       |       |    40 ||    40
 Cast: Ensorcelled Hiber |     1 |       |     5 |    96 ||   102
       Confuse           |       |     2 |       |    13 ||    15
       Dazzling Spray    |       |       |     9 |    54 ||    63
Invok: Shadow Step       |       |       |       |     7 ||     7
Evoke: Wand              |       |       |       |     3 ||     3
  Use: Potion            |     1 |       |       |     3 ||     4
       Scroll            |     4 |       |       |     2 ||     6
 Stab: Sleeping          |     5 |     2 |    16 |    76 ||    99
       Confused          |       |     1 |       |     3 ||     4
       Held in net/web   |       |       |     1 |       ||     1
       Distracted        |       |       |       |     1 ||     1
       Invisible         |       |       |       |     2 ||     2
  Eat: Bread ration      |       |       |       |     1 ||     1
Armor: Robe              |     1 |       |       |     5 ||     6
Dodge: Dodged            |    15 |     3 |     7 |   149 ||   174
